 Dungeon Crawl Stone Soup version 0.21-a0-522-ga8338f0 (webtiles) character file.

369 Laiders the Cudgeler (level 6, -2/51 HPs)
             Began as a Hill Orc Monk on Dec 6, 2017.
             Was a Believer of Zin.
             Slain by dvd's ghost (3 damage)
             ... on level 4 of the Dungeon.
             The game lasted 00:10:57 (4649 turns).

Laiders the Cudgeler (Hill Orc Monk)                Turns: 4649, Time: 00:10:58

Health: -2/51      AC:  6    Str: 16    XL:     6   Next: 70%
Magic:  6/6        EV: 11    Int: 10    God:    Zin [**....]
Gold:   102        SH:  0    Dex: 13    Spells: 5/5 levels left

rFire    . . .     SeeInvis .   i - +2 whip (venom)
rCold    . . .     Gourm    .   (no shield)
rNeg     . . .     Faith    .   h - +1 ring mail
rPois    .         Spirit   .   (no helmet)
rElec    .         Reflect  .   (no cloak)
rCorr    .         Harm     .   (no gloves)
MR       .....                  (no boots)
Stlth    +.........             (no amulet)
HPRegen  0.17/turn              (no ring)
MPRegen  0.10/turn              (no ring)

@: no status effects
A: no striking features
a: Recite, Vitalisation, Donate Gold, Renounce Religion


You were on level 4 of the Dungeon.
You worshipped Zin.
Zin was pleased with you.
You were not hungry.

You visited 1 branch of the dungeon, and saw 4 of its levels.

You collected 113 gold pieces.
You donated 11 gold pieces to Zin.

Inventory:

Hand Weapons
 i - a +2 whip of venom (weapon)
Missiles
 s - 4 tomahawks (quivered)
Armour
 b - a +0 robe
 h - a +1 ring mail (worn)
Scrolls
 d - a scroll of teleportation
 j - 4 scrolls of enchant armour
 l - a scroll of immolation
Potions
 n - a potion of brilliance
 p - a potion of magic
 r - a potion of agility
 z - 2 potions of curing
Books
 k - a book of Cantrips

   Spells                             Type                      Level
   a - Confusing Touch                Hexes                        1
   b - Animate Skeleton               Necromancy                   1
   c - Summon Small Mammal            Summoning                    1
   d - Apportation                    Translocation                1
 y - a book of Maledictions

   Spells                             Type                      Level
   a - Corona                         Hexes                        1
   b - Ensorcelled Hibernation        Hexes/Ice                    2
   c - Confuse                        Hexes                        3
   d - Tukima's Dance                 Hexes                        3
   e - Dazzling Spray                 Conjuration/Hexes            3
Comestibles
 a - a chunk of flesh
 c - 2 bread rations
 f - a meat ration
 o - a royal jelly


   Skills:
 - Level 3.6 Fighting
 + Level 7.9 Maces & Flails
 - Level 2.4 Dodging
 - Level 2.0 Stealth


You had 5 spell levels left.
You didn't know any spells.

Dungeon Overview and Level Annotations

Branches:
Dungeon (4/15)             Temple (0/1) D:4

Altars:
Cheibriados
Dithmenos
Makhleb
Trog
Zin

Annotations:
D:4 dvd's ghost, amateur OpHu


Message History

Dvd's ghost is almost destroyed.
Dvd's ghost barely misses you.
You closely miss dvd's ghost.
Dvd's ghost is almost destroyed.
You barely miss dvd's ghost.
Dvd's ghost is almost destroyed.
Dvd's ghost hits you.
* * * LOW HITPOINT WARNING * * *
You closely miss dvd's ghost.
Dvd's ghost is almost destroyed.
Dvd's ghost barely misses you.
You hit dvd's ghost.
Dvd's ghost is almost destroyed.
Your ring mail prevents you from hitting dvd's ghost.
Dvd's ghost is almost destroyed.
Dvd's ghost hits you but does no damage.
You hit dvd's ghost.
Dvd's ghost is almost destroyed.
Dvd's ghost hits you.
You die...

.##......... .##########.
.# .# .# .######. ........
........... #+#
........... ###@#
........... ..#W#
.########.# #.#l# .# #.#
#.#l# . .# #.# #.#.# ..
.########.# ##.#.# ...
..........###..#.# ...#
#########........####....#
........#.....#.......#


You could see dvd's ghost and 2 leopard geckos.

Vanquished Creatures
  The ghost of mortelune the Magician, an amateur DEWz of Vehumet (D:3)
  A crimson imp (D:3)
  A hound (D:4)
  A worker ant (D:4)
  Robin (D:2)
  5 gnolls
  4 adders
  An adder skeleton (D:4)
  2 worms (D:3)
  2 dart slugs (D:1)
  A leopard gecko (D:1)
  3 orcs (D:3)
  2 ball pythons (D:1)
  10 bats
  2 giant cockroaches
  17 goblins
  9 hobgoblins
  12 jackals
  7 frilled lizards
  A jackal skeleton (D:4)
  8 kobolds
  11 rats
102 creatures vanquished.

Notes
Turn   | Place    | Note
-------+----------+-------------------------------------------
     0 | D:1      | Laiders the Hill Orc Monk began the quest for the Orb.
     0 | D:1      | Reached XP level 1. HP: 19/19 MP: 1/1
    89 | D:1      | Reached XP level 2. HP: 25/26 MP: 2/2
   388 | D:1      | Reached skill level 4 in Maces & Flails
   388 | D:1      | Reached XP level 3. HP: 16/31 MP: 3/3
  1350 | D:2      | Found a shadowy altar of Dithmenos.
  1367 | D:2      | Noticed Robin
  1391 | D:2      | Reached skill level 5 in Maces & Flails
  1391 | D:2      | Reached XP level 4. HP: 5/39 MP: 4/4
  1408 | D:2      | Killed Robin
  2191 | D:2      | Found a burning altar of Makhleb.
  2195 | D:2      | Found a glowing silver altar of Zin.
  2195 | D:2      | Noticed an angel
  2195 | D:2      | Noticed a green death
  2399 | D:2      | Became a worshipper of Zin the Law-Giver
  2399 | D:2      | Reached * piety under Zin
  2399 | D:2      | Reached ** piety under Zin
  2480 | D:3      | HP: 1/39 [worm (4)]
  2795 | D:3      | Reached XP level 5. HP: 28/45 MP: 5/5
  2813 | D:2      | Reached skill level 6 in Maces & Flails
  3124 | D:3      | HP: 2/45 [crimson imp (2)]
  3125 | D:3      | Zin protects you from harm!
  3177 | D:3      | HP: 2/45 [crimson imp (4)]
  3185 | D:3      | HP: 1/45 [crimson imp (3)]
  4004 | D:3      | Found a snail-covered altar of Cheibriados.
  4043 | D:3      | Reached XP level 6. HP: 48/51 MP: 6/6
  4070 | D:3      | Noticed mortelune's ghost (amateur DEWz)
  4087 | D:3      | Killed mortelune's ghost
  4087 | D:3      | Reached skill level 7 in Maces & Flails
  4510 | D:4      | Found a staircase to the Ecumenical Temple.
  4605 | D:4      | Found a bloodstained altar of Trog.
  4610 | D:4      | Noticed dvd's ghost (amateur OpHu)
  4645 | D:4      | HP: 1/51 [dvd's ghost (5)]
  4649 | D:4      | Slain by dvd's ghost

Vault maps used:
D:1:      dpeg_arrival_castle, hangedman_decor_clover_reticule
D:2:      grunt_temple_overflow_order_and_chaos_2,
          nicolae_dithmenos_shadow_blocks, uniq_robin
D:3:      old_standard_altar, first_bread, cheibrodos_sewer_entry_bend,
          minmay_checkerbox
D:4:      minmay_temple_entry_grid, serial_shops, nicolae_shop_statue_plus,
          trog_three_pillars_becter

Skill      XL: |  1  2  3  4  5  6 |
---------------+-------------------+-----
Stealth        | 2 |  2.0
Maces & Flails | 4 5 6 7 |  7.9
Fighting       | |  3.6
Dodging        | |  2.4

Action                   |  1- 3 |  4- 6 || total
-------------------------+-------+-------++-------
Melee: Mace              |   112 |   361 ||   473
       Whip              |       |    58 ||    58
Invok: Recite            |       |     2 ||     2
  Use: Potion            |     4 |     1 ||     5
       Scroll            |       |    12 ||    12
 Stab: Sleeping          |     2 |       ||     2
  Eat: Chunk             |     2 |     6 ||     8
       Meat ration       |       |     1 ||     1
Armor: Robe              |    24 |       ||    24
       Ring mail         |     6 |   199 ||   205
       Skin              |     4 |    15 ||    19
Dodge: Dodged            |   114 |   313 ||   427

Table legend:
 A = Spawn XP
 B = Non-spawn XP
 C = Spawn XP percentage of total XP
 D = Spawn monster count
 E = Non-spawn monster count
 F = Spawn count percentage of total count
 G = Total turns spent on level
                    A         B        C        D         E        F      G
               +---------+---------+-------+---------+---------+-------+---------
         Total |       0 |     528 |   0.0 |       0 |     102 |   0.0 |  4649
               +---------+---------+-------+---------+---------+-------+---------
           D:1 |       0 |      71 |   0.0 |       0 |      36 |   0.0 |  1336
           D:2 |       0 |      83 |   0.0 |       0 |      26 |   0.0 |  1856
           D:3 |       0 |     279 |   0.0 |       0 |      31 |   0.0 |  1255
           D:4 |       0 |      95 |   0.0 |       0 |       9 |   0.0 |   202
               +---------+---------+-------+---------+---------+-------+---------
